 Dungeon Crawl Stone Soup version 0.01-2115-ge649c80b0b (webtiles) character file.

Game seed: 12315458269177209131, levelgen mode: deterministic

6738 Lanoc the Dancer (level 10, 0/94 HPs) Lime Draconian Demonspawn. Began on June 7, 2020. Was an Elder of Uskayaw. Slain by a vampire (2 damage) ... on level 6 of the Dungeon. The game lasted 00:14:56 (4499 turns).

Lanoc the Dancer (Lime Draconian Demonspawn)        Turns: 4499, Time: 00:14:56

Health: 0/94       AC: 14    Str: 17    XL:     10 ^: 1345
Magic:  0/19       EV: 20    Int: 12    God:    Uskayaw [****.. (107)]
Gold:   277        SH:  0    Dex: 24    Spells: 13/14 levels left

rFire    . . .     Vision   .   x - +3 dagger (venom)
rCold    + . .     Gourm    .   q - +1 hatchet (freeze)
rNeg     . . .     Faith    .   (armour unavailable)
rPois    .         Spirit   +   (helmet restricted)
rElec    .         Reflect  .   b - +0 cloak
rCorr    +         Harm     .   (no gloves)
MR       .....                  j - +1 pair of boots
Stlth    ++........             (no amulet)
HPRegen  0.41/turn              f - ring of dexterity
MPRegen  0.29/turn              s - ring of dexterity

@: no status effects
A: no body armour, unfitting armour, antennae 1, thin metallic scales 2, cold
resistance 1, magic shield, cold-blooded, boosted whips and flails aptitude,
transmutation enhancer 1, rCorr, AC +8
a: Breathe Acid, Stomp, Line Pass, Renounce Religion


You were on level 6 of the Dungeon.
You worshipped Uskayaw.
Uskayaw was pleased with you.
You were very hungry.

You visited 2 branches of the dungeon, and saw 7 of its levels.

You collected 277 gold pieces.

Inventory:

Weapons
 q - a +1 hatchet of freezing (weapon)
 x - a +3 dagger of venom (weapon)
Armour
 b - a +0 cloak (worn)
 j - a +1 pair of boots (worn)
Jewellery
 f - a ring of dexterity (left hand)
 s - a ring of dexterity (right hand)
Wands
 p - a wand of acid (4)
 r - a wand of ensnaring (2)
 y - a wand of random effects (20)
Scrolls
 e - 3 scrolls of teleportation
 i - 2 scrolls of fog
 k - 2 scrolls of fear
 l - 5 scrolls of blinking
 n - 4 scrolls of enchantment
 o - 2 scrolls of magic mapping
 w - 4 scrolls of amnesia
Potions
 a - a potion of curing
 d - 3 potions of agility
 g - 3 potions of brilliance
 h - 2 potions of berserk rage
 m - 2 potions of ambrosia
 t - a potion of resistance
 u - a potion of heal wounds
 v - 2 potions of haste
 A - a potion of magic
Comestibles
 c - 9 rations


   Skills:
 + Level 10.9 Fighting
   Level 1.5 Long Blades
 + Level 7.9 Dodging
 - Level 1.3 Stealth
 - Level 2.6 Spellcasting
 * Level 12.8 Invocations


You had 13 spell levels left.
You knew the following spells:

 Your Spells              Type           Power        Failure   Level  Hunger
a - Flame Tongue          Fire           1 (40)       26%         1    #......

Your spell library contained the following spells:

 Spells                   Type           Power        Failure   Level  Hunger
 Blink                    Tloc           N/A          36%         2    ###....
 Call Imp                 Summ           1 (100)      36%         2    ###....
 Slow                     Hex            1 (100)      36%         2    ###....
 Conjure Flame            Fire           1 (100)      58%         3    ###....
 Mephitic Cloud           Pois/Air       1 (100)      58%         3    ###....


Dungeon Overview and Level Annotations

Branches:
Dungeon (6/8)              Temple (1/1) D:4            Lair (0/6) D:5
    Orc: D:6

Altars:
Cheibriados
Gozag
Nemelex Xobeh
Sif Muna
Trog
Uskayaw
Xom
The Shining One


Innate Abilities, Weirdness & Mutations

You cannot fit into any form of body armour.
Your slimy lime-green scales are hard. (AC +8)
You can breathe balls of acidic spit.
You have a pair of small antennae on your head.
You are mostly covered in thin metallic scales. (AC +3)
You are cold resistant. (rC+)
When hurt, damage is shared between your health and your magic reserves.
You are cold-blooded and may be slowed by cold attacks.
You are naturally skilled at Whips & Flails (Aptitude +3).
You are in touch with the powers of transmutation.
Your slimy lime-green scales grant you resistance to acid and corrosion. (rCorr)


Message History

* * * LOW HITPOINT WARNING * * *
Something barely misses you (0).
Uskayaw prepares the audience for your solo!
Unknown command.
You hit something but do no damage. You hit something (5).
You freeze something (1). Something hits you (13)!
* * * LOW HITPOINT WARNING * * *
Something bites you (3).
* * * LOW HITPOINT WARNING * * *
Something draws strength from your injuries (1).
Something hits you (12)!
* * * LOW HITPOINT WARNING * * *
Something bites you (6).
* * * LOW HITPOINT WARNING * * *
Something draws strength from your injuries (3).
Unknown command.
You hit something but do no damage. x2
You have got your breath back.
Something hits you but does no damage. Something bites you (2).
You die...

#.###.#
#. #.#
#.###.#
#.....#
+.....#
#....†#
#.###.#
#.###.#
#.†@..#
#..{..#
#.....#
#.....#
#.....#
#.###.#
#. ..#
.. .#


There were no monsters in sight!

Vanquished Creatures
  An ugly thing (D:5)
  A troll (D:5)
  A hippogriff (D:6)
  A wyvern (D:5)
  Grinder (D:3)
  Sigmund (D:3)
  8 yaks
  Purgy (D:2)
  A phantom (D:5)
  A guardian mummy (D:5)
  A water moccasin (D:5)
  5 porcupines
  An ice beast (D:4)
  2 orc warriors
  Ijyb (D:3)
  5 ogres
  3 crocodiles (D:5)
  5 bullfrogs
  A gnoll sergeant (D:5)
  A centaur (D:5)
  3 howler monkeys (D:4)
  2 scorpions
  3 killer bees (D:5)
  2 quasits (D:5)
  2 hounds
  8 orc priests
  4 jellies
  2 mummies (D:5)
  An iguana (D:3)
  10 orc wizards
  4 worker ants
  A wyvern zombie (D:4)
  A water moccasin skeleton (D:3)
  A wyvern skeleton (D:6)
  An iron imp (D:4)
  2 bullfrog skeletons (D:4)
  12 gnolls
  7 adders
  7 sewer rats (D:2)
  2 white imps
  3 cinder newts
  A worm (D:4)
  2 oozes (D:3)
  2 howler monkey skeletons
  4 leopard geckos
  48 orcs
  2 adder skeletons
  4 bats (D:1)
  4 giant cockroaches
  7 goblins (D:1)
  5 hobgoblins (D:1)
  3 jackals
  8 kobolds (D:1)
  3 quokkas
  A ball python (D:1)
  9 rats (D:1)
  A butterfly (D:4)
  A fungus (D:5)
225 creatures vanquished.

Vanquished Creatures (others)
  An orc wizard (D:5)
  A giant cockroach (D:2)
  A fungus (D:5)
  4 plants (D:5)
7 creatures vanquished.

Grand Total: 232 creatures vanquished

Notes
Turn   | Place    | Note
-------+----------+-------------------------------------------
     0 | D:1      | Lanoc the Immature Draconian Demonspawn began the quest for
                  | the Orb.
     0 | D:1      | Reached XP level 1. HP: 18/18 MP: 4/4
    20 | D:1      | Gained mutation: You have a pair of small antennae on your
                  | head. [demonic ancestry]
    20 | D:1      | Reached XP level 2. HP: 25/25 MP: 5/5
   128 | D:1      | Gained mutation: You are partially covered in thin metallic
                  | scales. (AC +2) [demonic ancestry]
   128 | D:1      | Reached XP level 3. HP: 31/31 MP: 7/7
   520 | D:2      | Gained mutation: You are mostly covered in thin metallic
                  | scales. (AC +3) [demonic ancestry]
   520 | D:2      | Reached XP level 4. HP: 23/40 MP: 6/8
   581 | D:2      | Reached XP level 5. HP: 27/47 MP: 0/9
   760 | D:2      | Noticed Purgy
   767 | D:2      | Killed Purgy
   767 | D:2      | Reached skill level 5 in Fighting
   767 | D:2      | Reached XP level 6. HP: 52/56 MP: 5/10
   846 | D:3      | Found a glowing golden altar of the Shining One.
   978 | D:3      | Noticed Ijyb
   986 | D:3      | Killed Ijyb
   991 | D:3      | Found a hide-covered altar of Uskayaw.
  1072 | D:3      | Your scales start taking on a slimy lime-green colour.
  1072 | D:3      | Reached XP level 7. HP: 47/63 MP: 11/11
  1072 | D:3      | Gained mutation: When hurt, damage is shared between your
                  | health and your magic reserves. [demonic ancestry]
  1072 | D:3      | Gained mutation: Your slimy lime-green scales grant you
                  | resistance to acid and corrosion. (rCorr) [Lime Draconian
                  | growth]
  1072 | D:3      | Gained mutation: You are in touch with the powers of
                  | transmutation. [Lime Draconian growth]
  1099 | D:3      | Noticed Grinder
  1252 | D:3      | Found an opulent altar of Gozag.
  1317 | D:3      | Killed Grinder
  1317 | D:3      | Reached skill level 5 in Dodging
  1397 | D:3      | Noticed Sigmund
  1404 | D:3      | Killed Sigmund
  1410 | D:3      | Reached XP level 8. HP: 27/74 MP: 9/12
  1871 | D:3      | Became a worshipper of Uskayaw the Reveler
  1937 | D:4      | Identified the +7 dagger of the Gloaming {venom, *Drain
                  | *Slow rF++ Int+9}
  1938 | D:4      | Reached * piety under Uskayaw
  1942 | D:4      | Reached ** piety under Uskayaw
  2039 | D:4      | Found a staircase to the Ecumenical Temple.
  2048 | D:4      | Reached skill level 4 in Invocations
  2194 | D:4      | Reached skill level 5 in Invocations
  2203 | D:4      | Reached *** piety under Uskayaw
  2241 | Temple   | Entered the Ecumenical Temple
  2278 | D:4      | Reached **** piety under Uskayaw
  2279 | D:4      | Reached skill level 6 in Invocations
  2279 | D:4      | Gained mutation: You are cold resistant. (rC+) [demonic
                  | ancestry]
  2279 | D:4      | Reached XP level 9. HP: 76/83 MP: 13/13
  2374 | D:4      | Found a snail-covered altar of Cheibriados.
  2375 | D:4      | Found a shimmering altar of Xom.
  2375 | D:4      | Found a bloodstained altar of Trog.
  2481 | D:4      | Reached skill level 7 in Invocations
  2598 | D:5      | Entered Level 5 of the Dungeon
  2600 | D:5      | Found a staircase to the Lair.
  2622 | D:5      | Reached skill level 8 in Invocations
  2627 | D:5      | Reached ***** piety under Uskayaw
  2750 | D:5      | Reached skill level 9 in Invocations
  2768 | D:5      | Reached skill level 10 in Fighting
  2768 | D:5      | Reached skill level 10 in Invocations
  2797 | D:5      | Gained mutation: You are naturally skilled at Whips &
                  | Flails (Aptitude +3). [draconic bloodline]
  2797 | D:5      | Reached XP level 10. HP: 73/93 MP: 17/17
  3032 | D:5      | Reached skill level 11 in Invocations
  3430 | D:5      | Noticed a cyan ugly thing
  3444 | D:5      | Killed a cyan ugly thing
  3826 | D:5      | Reached skill level 12 in Invocations
  4427 | D:5      | Found a bloodstained altar of Trog.
  4498 | D:6      | HP: 1/94 [something (4)]
  4499 | D:6      | Slain by a vampire

Levels and vault maps discovered:
D:1:      kennysheep_arrival_forest, layout_cave_pools
D:2:      layout_sewer, uniq_duvessa, uniq_natasha, uniq_robin, uniq_purgy
D:3:      layout_loops_ring, old_standard_altar, kennysheep_mini,
          kennysheep_little_box, first_ration, uniq_sigmund, uniq_grinder,
          uniq_ijyb
D:4:      layout_rooms, chequers_temple_overflow_statue_of_worship,
          minmay_temple_entry_glassed_door, minmay_variable_closet
D:5:      layout_loops_ring, minmay_lair_entry_grove,
          lightli_ossuary_entry_decrepit_ruins, trog_book
D:6:      layout_stronghold, lemuel_crystal_altar, zombieorc1_lemuel,
          uniq_harold
Temple:   nicolae_temple_great_sept

Skill      XL: |  1  2  3  4  5  6  7  8  9 10 |
---------------+-------------------------------+-----
Fighting       | 3 4 5 6 7 9 10 | 10.9
Dodging        | 3 4 5 6 7 |  7.9
Invocations    | 6 10 12 | 12.8
Long Blades    | |  1.5
Stealth        | |  1.3
Spellcasting   | |  2.6

Action                   |  1- 3 |  4- 6 |  7- 9 | 10-12 || total
-------------------------+-------+-------+-------+-------++-------
Melee: Long sword        |    59 |    65 |    89 |       ||   213
       Unarmed           |    40 |    47 |       |       ||    87
       Tailslap          |     7 |    18 |    43 |    51 ||   119
       Hatchet           |       |     8 |   129 |   149 ||   286
       Dagger            |       |       |    69 |   158 ||   227
 Cast: Flame Tongue      |     1 |    15 |       |       ||    16
 Abil: Breathe Acid      |       |       |    15 |    10 ||    25
  Use: Potion            |       |       |     1 |       ||     1
 Stab: Sleeping          |     1 |       |     2 |     1 ||     4
       Paralysed         |       |       |    15 |    15 ||    30
       Invisible         |       |       |       |     3 ||     3
  Eat: Chunk             |       |     2 |     9 |     8 ||    19
Armor: Skin              |    19 |    31 |    70 |    95 ||   215
Dodge: Dodged            |    65 |   103 |   263 |   246 ||   677
       Rpst.: Long sword |    20 |    36 |    48 |       ||   104
       Unarmed           |    17 |    25 |       |       ||    42
       Hatchet           |       |     4 |    50 |       ||    54
